 Dungeon Crawl Stone Soup version 0.29-a0-22-gbf593b16ee (webtiles) character file.

Game seed: 14203523654214168768

7 Hubjo the Grave Robber (level 1, 0/13 HPs)
             Began as a Mummy Necromancer on Jan 29, 2022.
             Was a Follower of Sif Muna.
             Slain by a hobgoblin (1 damage)
             ... on level 2 of the Dungeon.
             The game lasted 00:08:12 (562 turns).

Hubjo the Grave Robber (Mummy Necromancer)           Turns: 562, Time: 00:08:13

Health: 0/13       AC:  2    Str: 11    XL:     1   Next: 83%
Magic:  4/4        EV: 12    Int: 14    God:    Sif Muna [*.....]
Gold:   45         SH:  0    Dex: 12    Spells: 3/5 levels left

rFire   x . .      SeeInvis .   c - staff of earth
rCold   + . .      Faith    .   (no shield)
rNeg    + + +      Spirit   .   a - +0 robe
rPois   ∞          Reflect  .   (no helmet)
rElec   .          Harm     .   (no cloak)
rCorr   .          Rampage  .   (no gloves)
Will    .....                   (no boots)
Stlth   ++........              (no amulet)
HPRegen 0.04/turn               (no ring)
MPRegen 0.09/turn               (no ring)

@: no status effects
A: cold resistance 1, negative energy resistance 3, torment resistance 2, heat
vulnerability 1, no potions
a: Renounce Religion, Channel Magic


You were on level 2 of the Dungeon.
You worshipped Sif Muna.
Sif Muna was aware of your devotion.
You visited 1 branch of the dungeon, and saw 2 of its levels.

You collected 45 gold pieces.

Inventory:

Armour
 a - a +0 robe (worn)
Magical Staves
 c - a staff of earth (weapon)
Scrolls
 b - a scroll of teleportation


   Skills:
 + Level 1.6 Dodging
 + Level 1.6 Stealth
 + Level 2.7 Spellcasting
 + Level 4.2 Necromancy


You had 3 spell levels left.
You knew the following spells:

 Your Spells              Type           Power      Damage    Failure   Level
a - Pain                  Necr           52%        1d6       3%          1
b - Animate Skeleton      Necr           26%        N/A       3%          1

Your spell library contained the following spells:

 Spells                   Type           Power      Damage    Failure   Level
 Vampiric Draining        Necr           13%        2d6       12%         3
 Animate Dead             Necr           6%         N/A       36%         4
 Agony                    Necr           13%        N/A       71%         5


Dungeon Overview and Level Annotations

Branches:
Dungeon (2/15)

Altars:
Sif Muna


Innate Abilities, Weirdness & Mutations

You are immune to poison.
Your flesh is cold resistant. (rC+)
You are immune to negative energy. (rN+++)
You are immune to unholy pain and torment.
You are vulnerable to heat. (rF-)
You do not drink.


Message History

The frilled lizard closely misses you.
Your frilled lizard skeleton closely misses the frilled lizard.
You hit the frilled lizard.
You kill the frilled lizard!
Sif Muna accepts your kill.
You see here a frilled lizard corpse.
Found a stone staircase leading down.
Magic restored.
You now have 45 gold pieces (gained 7).
You see here a +0 robe.
Found a scroll of teleportation.
Found a stone staircase leading down.
b - a scroll of teleportation
Found a spear and 15 arrows.
HP restored.
Your frilled lizard skeleton crumbles into dust!
Found a scroll labelled KIEPHE NUYRCH.
You see here a +0 spear.
A hobgoblin comes into view.
Found a scroll of identify.
A jackal comes into view.
Found a book of Maledictions.
The hobgoblin shouts!
A hobgoblin comes into view.
The hobgoblin hits you.
You see here a scroll labelled KIEPHE NUYRCH.
You hit the hobgoblin.
The hobgoblin is moderately wounded.
The hobgoblin barely misses you. The hobgoblin hits you.
The hobgoblin hits you but does no damage.
As you read the scroll labelled KIEPHE NUYRCH, it crumbles to dust.
You hear a loud clanging noise!
It was a scroll of noise.
You hear an angry hiss.
You hear a bark! x3; You hear a shout!
The hobgoblin barely misses you. The hobgoblin hits you.
* * * LOW HITPOINT WARNING * * *
The jackal barks!
The hobgoblin hits you.
* * * LOW HITPOINT WARNING * * *
The hobgoblin hits you.
You die...

. ### .##. .. #
#....##.#######.#
.h.........:......
..?.h..............
....................
............g.......
...........@......# ....
............g............
.........................
.................#.......###
.................#..........
......()..........##..##....
........>...............>...
....#.................#.....
#.. #..............##.......


You could see a jackal and 2 hobgoblins.

Vanquished Creatures
  2 endoplasms (D:1)
  A ball python (D:1)
  2 frilled lizards (D:2)
  3 rats (D:1)
8 creatures vanquished.

Notes
Turn   | Place    | Note
-------+----------+-------------------------------------------
     0 | D:1      | Hubjo the Mummy Necromancer began the quest for the Orb.
     0 | D:1      | Reached XP level 1. HP: 13/13 MP: 4/4
    52 | D:1      | Learned a level 1 spell: Animate Skeleton
    86 | D:1      | Found a faded altar of an unknown god.
    95 | D:1      | Prayed at the altar of an unknown god.
    95 | D:1      | Became a worshipper of Sif Muna the Loreminder
    95 | D:1      | Reached * piety under Sif Muna
   562 | D:2      | Slain by a hobgoblin

Illustrated notes

Levels and vault maps discovered:
D:1:      sevenhm_arrival_forest_fort_small_6, layout_basic,
          dilly_ecumenical_altar_fadedgnrine
D:2:      layout_rooms

Action                   || total
-------------------------++-------
Melee: Staff             ||     8
       Unarmed           ||     2
 Cast: Pain              ||     7
       Animate Skeleton  ||     2
  Use: Scroll            ||     3
 Stab: Sleeping          ||     1
Armor: Robe              ||     1
Dodge: Dodged            ||     7

Table legend: (Time is in decaauts)
 A = Elapsed time spent in this place.
 B = Non-inter-level travel time spent in this place.
 C = Inter-level travel time spent in this place.
 D = Time resting spent in this place.
 E = Time spent auto-exploring this place.
 F = Levels seen in this place.
 G = Mean time per level.
                   A        B        C        D        E       F      G
               +--------+--------+--------+--------+--------+-----+--------+
         Total |    562 |     99 |    463 |      0 |      0 |   2 |  281.0 |
       Dungeon |    562 |     99 |    463 |      0 |      0 |   2 |  281.0 |
               +--------+--------+--------+--------+--------+-----+--------+

Top non-repeatable levels by time:
     D:1: 498 daAuts
     D:2: 64 daAuts
